Kradschützen Motorcycle Team
Construct Light Support Kompanie
Selects Panzerjäger Kommand Battlegroup
Construct Mechanized Kompanie
Selects Defensive Positions
Panzerjäger Mechanized Group
Construct Panzerarmee Kommand
Selects Butterfly Bomb Drop
Walking Stuka Rocket Launcher
Panzerjäger Mechanized Group
Walking Stuka Rocket Launcher
Selects Crew Shock Tactics
Walking Stuka Rocket Launcher
18-tonne Recovery Half-track
Panzerjäger Mechanized Group
Selects Anti-tank Overwatch
18-tonne Recovery Half-track
18-tonne Recovery Half-track